[Event "*** Titled Tuesday 3|2 Blitz (Late)"]
[Site "Chess.com"]
[Date "2016.11.01"]
[Round "5"]
[White "oskariot"]
[Black "Rating-Schmating"]
[Result "0-1"]
[WhiteElo "2353"]
[BlackElo "2252"]
[TimeControl "180+2"]
[EndTime "18:04:39 PDT"]
[Termination "Rating-Schmating won by resignation"]

1. Nf3 Nf6 2. b3 e6 3. Bb2 c5 4. Rg1 h5 5. h3 h4 6. c4 b6 7. Qc2 Bb7 8. e3 d6 9. Be2 Nbd7 10. d3 Be7 11. Nbd2 Qc7 12. O-O-O O-O-O 13. Kb1 Kb8 14. a3 a6 15. b4 d5 16. b5 a5 17.
a4 Ka7 18. Nb3 e5 19. cxd5 Nxd5 20. Nfd2 Nb4 21. Qc3 Bf6 22. Ne4 Nf8 23. Bf3 Ne6 24. Rd2 Rd7 25. Rgd1 Rhd8 26. Nc1 Nd5 27. Qb3 Nb4 28.
Nc3 Bxf3 29. gxf3 Ng5 30. Ne4 Nxf3 31. Re2 Ng5 32. Nxg5 Bxg5 33. Qc4 f5 34. Ree1 Bf6 35. Rg1 Qd6 36. e4 f4 37. f3 Qc7 38. Rg2 Rd6 39.
Rgd2 Qd7 40. Bc3 Qxh3 41. Nb3 Qxf3 42. Nxc5 bxc5 43. Qxc5+ Kb7 44. Bxb4 axb4 45. a5 Qe3 46.
a6+ Ka8 47. d4 Qxe4+ 48. Kb2 exd4 49. b6 d3+ 50. Kb1 Qc6 51. b7+ Kb8 52. Qa5 Qxa6 53. Qxa6 Rxa6 54. Rxd3 Ra1+ 0-1

[Event "*** Titled Tuesday 3|2 Blitz (Late)"]
[Site "Chess.com"]
[Date "2016.11.01"]
[Round "5"]
[White "jk13"]
[Black "Fandorine"]
[Result "0-1"]
[WhiteElo "2511"]
[BlackElo "2657"]
[TimeControl "180+2"]
[EndTime "18:04:42 PDT"]
[Termination "Fandorine won by checkmate"]

1. e4 c6 2. Nc3 d5 3. Nf3 Bg4 4.
h3 Bxf3 5. Qxf3 e6 6. a3 Nf6 7. d3 Nbd7 8. g3 Bc5 9. Bg2 O-O 10.
O-O Bd4 11. Bd2 a5 12. Qe2 Re8 13. Kh2 a4 14. f4 dxe4 15. dxe4 e5 16. f5 Qb6 17. Rab1 h6 18. g4 Qa6 19. Qf3 Nc5 20. Rbe1 Qb6 21. Nd1 Rad8 22. Bc1 Ncd7 23. h4 h5 24.
gxh5 Kf8 25. h6 gxh6 26. Bxh6+ Ke7 27. Bg5 Rh8 28. c3 Rdg8 29. Bh3 Bc5 30. Re2 Kd8 31.
Rfe1 Kc8 32. Ne3 Nh7 33. Rg2 Nxg5 34. hxg5 Rh4 35. Kg3 Rf4 36. Qh5 Bxe3 37. Qxf7 Rxg5+ 38. Kh2 Rxg2+ 39. Bxg2 Rh4+ 40. Kg3 Bf2+ 41. Kf3 Rf4+ 42.
Ke2 Qxb2+ 43. Kd3 Nc5+ 44. Kc4 Qb3# 0-1

[Event "*** Titled Tuesday 3|2 Blitz (Late)"]
[Site "Chess.com"]
[Date "2016.11.01"]
[Round "5"]
[White "SwiftyMcBishop"]
[Black "jcibarra"]
[Result "0-1"]
[WhiteElo "2102"]
[BlackElo "2675"]
[TimeControl "180+2"]
[EndTime "18:04:42 PDT"]
[Termination "jcibarra won by resignation"]

1. e4 e5 2. Nf3 d6 3. d4 exd4 4.
Nxd4 Nf6 5. Nc3 Be7 6. Be3 O-O 7. Bd3 Ng4 8. Qd2 Nxe3 9. Qxe3 c6 10. h3 Nd7 11. f4 Qb6 12. Nf5 Qxe3+ 13. Nxe3 Nc5 14.
Kd2 g6 15. g4 a5 16. g5 f6 17. gxf6 Bxf6 18. f5 gxf5 19. exf5 d5 20. Rhg1+ Kh8 21. Ng4 Bg5+ 22. Ke2 Nxd3 23. cxd3 Bxf5 24. Raf1 Rae8+ 25. Kd1 Bxd3 26. Rxf8+ Rxf8 27. Ne5 Be3 28. Re1 Bf1 29. Rxe3 d4 30. Rg3 dxc3 31. bxc3 Rf5 32. Nf3 Bc4 33. a3 Bd5 34. Nd4 Rf2 35. Re3 Kg8 36. Re8+ Rf8 37. Re7 Rf7 38. Re8+ Kg7 39. Re3 Kg6 40. Rg3+ Kf6 41.
Re3 Rg7 42. Kd2 h5 43. Ne2 Kf5 44. Ng3+ Kg6 45. Ne2 Kg5 46. Kd3 Rd7 47. Rg3+ Kh4 48. Ke3 Re7+ 49. Kf2 Rxe2+ 50. Kxe2 Kxg3 51. Ke3 h4 0-1

[Event "*** Titled Tuesday 3|2 Blitz (Late)"]
[Site "Chess.com"]
[Date "2016.11.01"]
[Round "5"]
[White "stalyansky"]
[Black "Divertissement"]
[Result "0-1"]
[WhiteElo "2203"]
[BlackElo "2341"]
[TimeControl "180+2"]
[EndTime "18:04:59 PDT"]
[Termination "Divertissement won on time"]

1. e4 c5 2. Nf3 e6 3. d4 cxd4 4.
Nxd4 Nc6 5. Nc3 Qc7 6. Nxc6 dxc6 7. Bd3 e5 8. O-O Nf6 9. Kh1 Bd6 10. Ne2 Bg4 11.
Bg5 O-O-O 12. f3 Be6 13. Qe1 Kb8 14. a4 h6 15. Be3 g5 16. b4 g4 17. b5 gxf3 18.
Rxf3 Ng4 19. Bg1 f5 20. Ng3 f4 21. Nf1 cxb5 22. axb5 Bc5 23. Qc3 Bxg1 24. Qxc7+ Kxc7 25. Kxg1 Kb6 26. h3 Nf6 27. Nd2 Rhg8 28. Rf2 Rd4 29. Nf3 Rxe4 30. Bxe4 Nxe4 31. Re2 Ng5 32. Nxg5 Rxg5 33.
Rae1 Bd5 34. Kh2 e4 35. Rf2 f3 36. gxf3 exf3 37. Re7 Kxb5 38. Rh7 Rg6 39. h4 a5 40. Kh3 a4 41. h5 Re6 42. Kg3 a3 43. Rh8 a2 44. Ra8 Ra6 45. Rxa6 bxa6 46. c4+ Bxc4 47. Kxf3 a1=Q 0-1

[Event "*** Titled Tuesday 3|2 Blitz (Late)"]
[Site "Chess.com"]
[Date "2016.11.01"]
[Round "5"]
[White "Maitreia"]
[Black "swayamsm"]
[Result "1-0"]
[WhiteElo "2511"]
[BlackElo "2625"]
[TimeControl "180+2"]
[EndTime "18:05:23 PDT"]
[Termination "Maitreia won by resignation"]

1. c4 Nf6 2. Nc3 e6 3. e4 d5 4. e5 d4 5. exf6 dxc3 6. dxc3 Qxd1+ 7. Kxd1 gxf6 8. Be2 Bd7 9. Bf3 Bc6 10. Be3 Rg8 11.
g3 f5 12. Ke2 Bg7 13. Rd1 Bf6 14. Bd4 Bxd4 15. cxd4 Bxf3+ 16. Nxf3 Nd7 17. Rhe1 O-O-O 18. Kf1 Rg4 19. h3 Re4 20. Rxe4 fxe4 21. Ng5 f5 22.
Nxe6 Rg8 23. Ke2 Nb6 24. b3 a5 25. Ke3 c6 26. Kf4 Nd7 27. Kxf5 e3 28. fxe3 Rxg3 29.
e4 Rxh3 30. d5 Rf3+ 31. Nf4 Re3 32. Rh1 Nf8 33. e5 cxd5 34. cxd5 Kd7 35. Rd1 Rf3 36. Ke4 Rf2 37. a4 Rb2 38. Rd3 Rb1 39. Rc3 Re1+ 40. Kf5 Rf1 41. Ke4 Re1+ 42. Re3 Rg1 43. Rf3 Re1+ 44.
Kf5 Rg1 45. d6 h6 46. Rc3 Rg5+ 47. Ke4 Ne6 48. Nd5 Rg4+ 49. Kf5 Rg5+ 50. Kf6 Rg2 51. Nb6+ 1-0

[Event "*** Titled Tuesday 3|2 Blitz (Late)"]
[Site "Chess.com"]
[Date "2016.11.01"]
[Round "5"]
[White "dretch"]
[Black "theprosecution1"]
[Result "1/2-1/2"]
[WhiteElo "2624"]
[BlackElo "2507"]
[TimeControl "180+2"]
[EndTime "18:05:26 PDT"]
[Termination "Game drawn by repetition"]

1. d4 Nf6 2. c4 g6 3. Nc3 d5 4. Bf4 Bg7 5. e3 O-O 6. Rc1 c5 7. dxc5 Qa5 8. cxd5 Nbd7 9. Qd2 Nxc5 10. f3 e6 11. Nb5 Qxd2+ 12. Kxd2 Na6 13. d6 Nd5 14. Nh3 Bd7 15. Nc3 Nxc3 16. bxc3 Nc5 17. e4 e5 18. Be3 Rac8 19. Nf2 Be6 20. Nd3 Nxd3 21. Bxd3 b6 22.
c4 Rfd8 23. c5 bxc5 24. Bxc5 Bxa2 25. Rc2 Bb3 26. Rc3 Be6 27. Ra1 Bf8 28. Ra6 h5 29. Kc2 Kg7 30. Bb5 Kg8 31. Ba4 Kg7 32. Ba3 Rxc3+ 33.
Kxc3 Bc8 34. Rxa7 Bxd6 35. Bxd6 Rxd6 36. Bb3 Be6 37. Bxe6 Rxe6 38. Kc4 Rd6 39. Ra2 Kf6 40. Kc3 h4 41. g3 hxg3 42. hxg3 Ke6 43. Ra8 f5 44.
Rg8 Kf7 45. Rc8 fxe4 46. fxe4 Rd1 47. Rc7+ Kf6 48. Rc6+ Kf7 49. Rc7+ Kf6 50. Rc6+ Kf7 51. Rc7+ Kf6 1/2-1/2

[Event "*** Titled Tuesday 3|2 Blitz (Late)"]
[Site "Chess.com"]
[Date "2016.11.01"]
[Round "5"]
[White "wonderfultime"]
[Black "Izoria123"]
[Result "0-1"]
[WhiteElo "2693"]
[BlackElo "2583"]
[TimeControl "180+2"]
[EndTime "18:05:34 PDT"]
[Termination "Izoria123 won by resignation"]

1. d4 Nf6 2. c4 g6 3. Nc3 Bg7 4.
e4 d6 5. f3 O-O 6. Be3 c5 7. Nge2 Nc6 8. d5 Na5 9. Ng3 e6 10. Be2 a6 11. a4 Qb6 12. Qc2 Nb3 13. Rd1 Nd4 14. Qd2 exd5 15. cxd5 h5 16. O-O h4 17. Nh1 Bd7 18. Nf2 Qb4 19. e5 dxe5 20. Nd3 Qa5 21. Nxe5 h3 22. Nc4 Qb4 23. g3 Rfe8 24. Rf2 Nxe2+ 25. Qxe2 b5 26. Nd6 Re5 27. axb5 c4 28. Nde4 Nxe4 29. fxe4 axb5 30. Bd4 Qd6 31. Qf3 Rf8 32. Ne2 b4 33. Bxe5 Bxe5 34. Nd4 Qc5 35. Qe3 Ba4 36. Rdd2 c3 37. bxc3 bxc3 38. Rd3 Rc8 39.
Nc2 Qc4 40. Rd1 Rb8 41. d6 Bxc2 42. Rxc2 Qc6 43. d7 Rd8 44. Qd3 Bg7 45. Kh1 Rxd7 46.
Qxd7 Qxe4+ 47. Kg1 Qxc2 48. Qc8+ Bf8 0-1

[Event "*** Titled Tuesday 3|2 Blitz (Late)"]
[Site "Chess.com"]
[Date "2016.11.01"]
[Round "5"]
[White "psv98"]
[Black "Iball95"]
[Result "1-0"]
[WhiteElo "2618"]
[BlackElo "2478"]
[TimeControl "180+2"]
[EndTime "18:05:38 PDT"]
[Termination "psv98 won by checkmate"]

1. c4 e5 2. Nc3 Nc6 3. Nf3 Nf6 4. g3 Bb4 5. Bg2 O-O 6. O-O Re8 7. d3 d6 8. Bd2 a6 9. Ne4 Nxe4 10. dxe4 Bc5 11. Ne1 Be6 12. Rc1 Qd7 13. Nd3 Ba7 14. e3 Rab8 15. Qc2 Bh3 16. b4 Bxg2 17. Kxg2 f5 18. exf5 Qxf5 19. c5 Rf8 20. Qc4+ Kh8 21. f3 d5 22. Qc2 e4 23. Nf4 Ne5 24. fxe4 dxe4 25. Bc3 Nf3 26. Rcd1 Rbd8 27. Rxd8 Rxd8 28. Rd1 Rd7 29. Rxd7 Qxd7 30. Qxe4 Ng5 31. Qe5 Qc6+ 32. Nd5 Ne6 33. e4 Qd7 34. Nf4 Nxf4+ 35. Qxf4 Kg8 36. Qe5 c6 37. h3 h6 38. g4 Qf7 39. a3 Qf8 40. Qe6+ Qf7 41. Qc8+ Kh7 42. Qf5+ Kg8 43. Be5 Qa2+ 44. Kg3 Qxa3+ 45. Kh4 Qxb4 46. Qg6 Kf8 47. Bd6+ Kg8 48. Be5 Kf8 49. Bxg7+ Ke7 50. Qf6+ Kd7 51. Qf7+ Kc8 52. Qe8+ Kc7 53. Be5# 1-0

[Event "*** Titled Tuesday 3|2 Blitz (Late)"]
[Site "Chess.com"]
[Date "2016.11.01"]
[Round "5"]
[White "Gau_truc_lon"]
[Black "Quiet_Desperation"]
[Result "0-1"]
[WhiteElo "2200"]
[BlackElo "2288"]
[TimeControl "180+2"]
[EndTime "18:05:46 PDT"]
[Termination "Quiet_Desperation won by resignation"]

1. c4 Nf6 2. Nc3 e6 3. e4 Nc6 4. d4 Bb4 5. e5 Ne4 6. Ne2 O-O 7. g3 f5 8. Bg2 Ng5 9. O-O Be7 10. d5 Nb8 11. d6 cxd6 12. exd6 Bf6 13. Nb5 Nc6 14. Be3 a6 15. Nc7 Rb8 16. Bb6 Ne4 17. f4 Rf7 18.
Rb1 Qf8 19. c5 g5 20. Qd3 Nb4 21. Qb3 a5 22. Rbd1 g4 23. a3 Nc6 24. Qc2 h5 25. Bxe4 fxe4 26. Qxe4 h4 27. gxh4 Rg7 28. Ng3 Bxh4 29.
Qg2 Bxg3 30. Qxg3 Nd8 31. Ba7 Nf7 32. Bxb8 Nh6 33. Ba7 Nf5 34. Qe1 g3 35. h3 b6 36. Bxb6 Bb7 37. Rd2 g2 38. Rff2 Nh4 39. Qe3 Qf5 40. c6 Bxc6 41. Rd1 Rh7 42. Bd4 Ng6 43.
Ne8 Rxh3 44. Nf6+ Kf7 45. Rxg2 Rxe3 46. Bxe3 Qxf6 47. Rf2 Qf5 48. Kf1 Bb5+ 49. Ke1 Nh4 50. Kd2 Qe4 51. Bb6 Nf3+ 52. Rxf3 Qxf3 53. Be3 Qe2+ 0-1

[Event "*** Titled Tuesday 3|2 Blitz (Late)"]
[Site "Chess.com"]
[Date "2016.11.01"]
[Round "5"]
[White "Genghis_K"]
[Black "uzbektiger95"]
[Result "0-1"]
[WhiteElo "2686"]
[BlackElo "2625"]
[TimeControl "180+2"]
[EndTime "18:05:47 PDT"]
[Termination "uzbektiger95 won by resignation"]

1. e4 c5 2. Nf3 Nc6 3. d4 cxd4 4.
Nxd4 g6 5. Nc3 Bg7 6. Be3 Nf6 7. Bc4 O-O 8. Bb3 d6 9. f3 Nxd4 10. Bxd4 Be6 11. Qd2 Qa5 12. Bxe6 fxe6 13. O-O-O Rfc8 14. Kb1 b5 15. Ne2 Qxd2 16. Rxd2 Nd7 17. Bxg7 Kxg7 18. Nd4 Kf6 19. Nxb5 Rab8 20. Nd4 Ne5 21. b3 Nc4 22.
Kc1 Nxd2 23. Kxd2 e5 24. Ne2 a5 25. a4 Rb4 26. Rb1 e6 27. c3 Rb7 28. b4 axb4 29.
cxb4 Ra8 30. Nc3 Ke7 31. Kd3 Kd7 32. a5 d5 33. Kc2 Kd6 34. Na4 Rc8+ 35. Kd3 Rc4 36. Nb6 Rd4+ 37. Ke3 Kc6 38. b5+ Kd6 39. Rc1 Rc7 40. Nc8+ Kd7 41. Nb6+ Kd8 42. Rxc7 Kxc7 43. Na8+ Kb7 44. Nb6 Rb4 45. Nd7 Rb3+ 46. Kf2 Rxb5 47. Nxe5 dxe4 48. Nc4 Rc5 49. Nd6+ Kc6 50. Nxe4 Rxa5 51.
Nf6 h5 52. h4 Kd6 53. Kg3 Ke5 54. Ne4 Ra4 55. Nc3 Rc4 56. Nd1 Kd4 57. Nf2 Ke3 58. Nh3 e5 59. Ng5 Rb4 60. Nf7 e4 61.
Ne5 Ke2 62. fxe4 Rxe4 63. Nf3 Ke3 64. Ng5 Rg4+ 65. Kh3 Kf2 66. Ne6 Rg3+ 67. Kh2 Rxg2+ 68. Kh3 Rg3+ 69. Kh2 Kf3 70. Nf8 Rg4 71. Kh3 Rg3+ 72. Kh2 Kf4 73. Nh7 Kg4 0-1

[Event "*** Titled Tuesday 3|2 Blitz (Late)"]
[Site "Chess.com"]
[Date "2016.11.01"]
[Round "5"]
[White "AlexanderL"]
[Black "FairChess_on_YouTube"]
[Result "1-0"]
[WhiteElo "2584"]
[BlackElo "2745"]
[TimeControl "180+2"]
[EndTime "18:05:48 PDT"]
[Termination "AlexanderL won by resignation"]

1. d4 g6 2. c4 Bg7 3. Nc3 d6 4. e4 e5 5. Nge2 Nc6 6. d5 Nce7 7. Be3 f5 8. f3 Bh6 9. Bf2 Nf6 10.
Ng3 fxe4 11. Ngxe4 O-O 12. Nxf6+ Rxf6 13. Bd3 Rf8 14.
O-O b6 15. Bh4 Rf4 16. Bg3 Rf8 17. Bh4 Rf4 18. Qe1 Qf8 19. Bg3 Rf7 20. Ne4 Bf5 21.
Qe2 Qg7 22. b4 a5 23. a3 Kh8 24. Bc2 Rff8 25. Rfd1 Bd7 26. Bf2 Nf5 27. c5 axb4 28. axb4 Rxa1 29. Rxa1 Nd4 30. Qd1 bxc5 31. bxc5 Bb5 32.
Bd3 Bxd3 33. Qxd3 dxc5 34. Nxc5 Qf7 35. Qe4 Bg7 36. Ra7 Rd8 37. Bxd4 exd4 38. Ne6 Re8 39. Rxc7 Qxc7 40. Nxc7 Rxe4 41. fxe4 Be5 42. Nb5 d3 43. Kf2 Bxh2 44. g3 Kg7 45. e5 h5 46. Kg2 Bxg3 47. Kxg3 g5 48. Nc3 d2 49. Kf2 h4 50.
Ke2 h3 51. Ne4 h2 52. Ng3 1-0

[Event "*** Titled Tuesday 3|2 Blitz (Late)"]
[Site "Chess.com"]
[Date "2016.11.01"]
[Round "5"]
[White "Peroncio"]
[Black "GMKrikor"]
[Result "0-1"]
[WhiteElo "2492"]
[BlackElo "2537"]
[TimeControl "180+2"]
[EndTime "18:05:53 PDT"]
[Termination "GMKrikor won by resignation"]

1. e4 e5 2. Nf3 Nc6 3. Bb5 a6 4. Ba4 Nf6 5. O-O Be7 6. Re1 b5 7. Bb3 O-O 8. h3 Bb7 9. d3 d5 10. Nbd2 dxe4 11. dxe4 Na5 12. Nxe5 Nxb3 13. axb3 Nxe4 14.
Nxe4 Qxd1 15. Rxd1 Bxe4 16. Be3 Bxc2 17. Rdc1 Bxb3 18. Rc6 Bd6 19. Nf3 a5 20. Nd4 Bd5 21. Rc2 b4 22. Nb5 Be4 23. Rd2 Be5 24. f4 Bf6 25.
Nxc7 Rac8 26. Nb5 Rc2 27. Nd6 Rxd2 28. Bxd2 Bc2 29. Rxa5 b3 30. Nc4 h6 31. Ne5 Rd8 32.
Bc3 Be4 33. Rb5 Rd1+ 34. Kf2 Rc1 35. Rxb3 Rc2+ 36. Ke3 Bxg2 37. Rb8+ Kh7 38. Nd7 Be7 39. Ne5 Bxh3 40. Rb7 Bf6 41. Rxf7 Kg8 42. Ra7 Bf5 43. Nd7 Bxc3 44. bxc3 Rxc3+ 45. Kd4 Rd3+ 46. Ke5 Bxd7 47. Ra8+ Kf7 48. f5 Rf3 49. Ra7 Rxf5+ 50. Ke4 Ke7 0-1

[Event "*** Titled Tuesday 3|2 Blitz (Late)"]
[Site "Chess.com"]
[Date "2016.11.01"]
[Round "5"]
[White "Rumpel-VK"]
[Black "NTBT_DHS"]
[Result "0-1"]
[WhiteElo "2475"]
[BlackElo "2514"]
[TimeControl "180+2"]
[EndTime "18:06:22 PDT"]
[Termination "NTBT_DHS won on time"]

1. e4 g6 2. g3 Bg7 3. Bg2 d6 4. f4 Nf6 5. d3 O-O 6. Nf3 c6 7. O-O Qa5 8. h3 Nh5 9. g4 Qb6+ 10. d4 Ng3 11. Re1 d5 12. e5 f5 13. exf6 exf6 14. c3 Na6 15. Nbd2 f5 16. g5 Ne4 17. Qb3 Be6 18.
Qxb6 axb6 19. Nb3 Nc7 20. Be3 Ra4 21. Nc1 Re8 22. Nd3 Nb5 23. Nfe5 Nbd6 24. a3 Nc4 25. Re2 Nxe3 26. Rxe3 Rc8 27. Ne1 c5 28. N1f3 Bxe5 29.
fxe5 cxd4 30. Nxd4 Kf7 31. Bxe4 dxe4 32. Rf1 Ke7 33.
Kh2 Ra5 34. Kg3 Rxe5 35. Kf4 Rd5 36. h4 Bf7 37. h5 Rc4 38. hxg6 hxg6 39. Rh1 Rdxd4 40.
cxd4 Rxd4 41. Rc1 Kd6 42. Rc2 Bc4 43. Rh2 Rd1 44. Kg3 Rf1 45. Kg2 Rb1 46. Rh6 Rxb2+ 47. Kg3 Ke5 48. Rc3 f4+ 49. Kh4 Be6 50. Rh3 Bxh3 51.
Kxh3 Kf5 52. Rh8 Kxg5 53. a4 e3 54. a5 e2 55. axb6 Rb3+ 56. Kg2 e1=Q 57. Rh5+ gxh5 0-1

[Event "*** Titled Tuesday 3|2 Blitz (Late)"]
[Site "Chess.com"]
[Date "2016.11.01"]
[Round "5"]
[White "Evgeny_Levin"]
[Black "Zaven_ChessMood"]
[Result "1/2-1/2"]
[WhiteElo "2731"]
[BlackElo "2816"]
[TimeControl "180+2"]
[EndTime "18:06:32 PDT"]
[Termination "Game drawn - insufficient material"]

1. d4 Nf6 2. c4 c5 3. d5 b5 4. cxb5 a6 5. bxa6 g6 6. Nc3 Bg7 7. e4 O-O 8. Nf3 Qa5 9. Bd2 Bxa6 10. Be2 Bxe2 11. Qxe2 d6 12. O-O Nbd7 13. a4 Rfb8 14.
Nb5 Qa6 15. Bc3 Nh5 16. Bxg7 Nxg7 17. b3 Ne8 18. e5 dxe5 19. Nxe5 Nxe5 20. Qxe5 Rb7 21.
Rac1 Nd6 22. Rxc5 Nxb5 23. Rxb5 Rxb5 24. axb5 Qxb5 25. Qxe7 Qxd5 26. b4 h5 27. g3 Rb8 28.
Rc1 Kg7 29. h4 Rb7 30. Qc5 Qd2 31. Rc4 Kh7 32. Rf4 Qd7 33. Kg2 Rb8 34. Qe5 Rb6 35.
Kh2 Re6 36. Qd4 Rd6 37. Qc4 Kg7 38. b5 Rb6 39. Qc3+ Kh7 40. Qb3 Rxb5 41. Rxf7+ Kg8 42. Rxd7+ Rxb3 43. Kg2 Ra3 44. Kf1 Ra2 45. Re7 Rb2 46.
Ke1 Ra2 47. Rc7 Rb2 48. Kf1 Ra2 49. Kg2 Ra3 50. Re7 Rb3 51. Re3 Rb4 52. Kf3 Kf7 53.
Re4 Rb3+ 54. Kf4 Kf6 55. Rc4 Rb6 56. f3 Ra6 57. g4 hxg4 58. fxg4 Ra7 59. Rc6+ Kg7 60.
Rc5 Rb7 61. Kg5 Ra7 62. Rd5 Rb7 63. Re5 Ra7 64. Rb5 Rc7 65. Rd5 Ra7 66. Rd4 Ra5+ 67. Kf4 Ra7 68. Ke5 Re7+ 69. Kd6 Re1 70. Rf4 g5 71. hxg5 Kg6 72. Rf5 Re4 73. Kd5 Rxg4 74. Re5 Rxg5 75. Rxg5+ Kxg5 1/2-1/2

[Event "*** Titled Tuesday 3|2 Blitz (Late)"]
[Site "Chess.com"]
[Date "2016.11.01"]
[Round "5"]
[White "superjem123"]
[Black "keisyzrk"]
[Result "0-1"]
[WhiteElo "2475"]
[BlackElo "2244"]
[TimeControl "180+2"]
[EndTime "18:06:32 PDT"]
[Termination "keisyzrk won by checkmate"]

1. c4 Nf6 2. g3 c6 3. Nf3 d5 4. d4 Bf5 5. Bg2 e6 6. O-O h6 7.
Nc3 Nbd7 8. Ne5 Be7 9. cxd5 exd5 10. Bf4 O-O 11. Re1 Nxe5 12. dxe5 Ne4 13. Nxe4 Bxe4 14.
Bxe4 dxe4 15. Qc2 Qb6 16. Qxe4 Bc5 17. Rf1 Rad8 18. b3 Rd4 19. Qf3 Rd5 20. Rad1 Rfd8 21. Rxd5 Rxd5 22. Qg4 Bd4 23. e3 Bxe5 24. Qc8+ Rd8 25.
Qf5 Bxf4 26. Qxf4 Qa5 27. Rc1 Qxa2 28. Qc7 Qd2 29. Ra1 Rd7 30. Qc8+ Kh7 31. Rxa7 Qd1+ 32. Kg2 Qd5+ 33. Kg1 Qf5 34. Kg2 Qe4+ 35. Kh3 Rd5 36. Qg4 Qh1 37. Rxb7 Rg5 38. Qe2 Qd5 39. Rb4 Rh5+ 40.
Rh4 Rxh4+ 41. Kxh4 Qxb3 42. e4 Qe6 43. f4 c5 44. e5 Qf5 45. Qc4 g5+ 46. fxg5 hxg5+ 47. Kh5 Kg7 48. Qc3 g4+ 49. Kh4 Kg6 50. h3 Qh5# 0-1

[Event "*** Titled Tuesday 3|2 Blitz (Late)"]
[Site "Chess.com"]
[Date "2016.11.01"]
[Round "5"]
[White "spirals5"]
[Black "micfel"]
[Result "1/2-1/2"]
[WhiteElo "2265"]
[BlackElo "2283"]
[TimeControl "180+2"]
[EndTime "18:06:32 PDT"]
[Termination "Game drawn - insufficient material"]

1. e4 e5 2. Nf3 Nf6 3. Nc3 Nc6 4. Bb5 Bc5 5. O-O O-O 6. Bxc6 dxc6 7. h3 Re8 8. d3 h6 9. Be3 Bb6 10. Bxb6 axb6 11.
Re1 c5 12. Ne2 c4 13. Ng3 cxd3 14. Qxd3 Qe7 15. a3 Bd7 16. Qc3 c6 17. Rad1 Rad8 18.
Rd3 Bc8 19. Red1 Rxd3 20. Qxd3 Qc5 21. b4 Qe7 22. Qd6 Qxd6 23. Rxd6 b5 24. Kf1 Kf8 25.
Ke2 Ke7 26. Rd1 Kf8 27. Ke3 g6 28. Rd6 Ke7 29. Rd2 Nd7 30. Rd1 Kf8 31. Nd2 Nb6 32. Rc1 Be6 33. Ne2 Ra8 34. Ra1 Ke7 35. Nc3 f5 36. f3 f4+ 37. Ke2 Bc4+ 38. Ke1 Kf6 39. Nb3 Bxb3 40. cxb3 Rd8 41. Rd1 Rxd1+ 42. Nxd1 Ke6 43.
Nc3 Kd6 44. Ke2 Nd7 45. Kd3 Nf8 46. Ne2 Ne6 47. a4 Nc7 48. axb5 Nxb5 49. Kc4 Nc7 50. Kd3 Ne6 51. Kc4 b5+ 52. Kd3 c5 53. bxc5+ Kxc5 54.
Kc3 b4+ 55. Kd3 Nc7 56. Nc1 Nb5 57. Kd2 Nd4 58. Nd3+ Kd6 59. Nxb4 Nxb3+ 60. Ke2 Nd4+ 61. Kf2 g5 62. Nd3 Nc2 63. g3 fxg3+ 64. Kxg3 h5 65.
h4 gxh4+ 66. Kxh4 Nd4 67. Ne1 Kc5 68. Kxh5 Ne2 69. Kg4 Kd4 70. Kf5 Ng3+ 71. Ke6 Nxe4 72. fxe4 Kxe4 73. Nd3 Kxd3 74. Kxe5 1/2-1/2

[Event "*** Titled Tuesday 3|2 Blitz (Late)"]
[Site "Chess.com"]
[Date "2016.11.01"]
[Round "5"]
[White "Nyzhnyk_Illia"]
[Black "Tarlev_Konstantin"]
[Result "1-0"]
[WhiteElo "2567"]
[BlackElo "2591"]
[TimeControl "180+2"]
[EndTime "18:06:33 PDT"]
[Termination "Nyzhnyk_Illia won by resignation"]

1. d4 Nf6 2. Nf3 e6 3. c4 b6 4. g3 Ba6 5. Qa4 c5 6. dxc5 Bxc5 7. Bg2 Bb7 8. O-O O-O 9. Nc3 Be7 10. Rd1 d6 11.
Bf4 Na6 12. Nb5 Nc5 13. Qc2 Be4 14. Qc3 d5 15. b4 Ncd7 16. a3 Rc8 17. Nxa7 Rxc4 18.
Qd2 Rc2 19. Qe1 h6 20. Nd4 Rc4 21. Ndc6 Qe8 22. Nxe7+ Qxe7 23. Nb5 e5 24. Bxe4 Nxe4 25. Bc1 d4 26. e3 d3 27. Rxd3 Ng5 28. e4 Rxe4 29.
Qd1 Nf6 30. Bxg5 hxg5 31. Nd6 Rg4 32. h3 Rd4 33. Nf5 Qe6 34. Nxd4 exd4 35. Rxd4 Qxh3 36. Qf1 Qf5 37. Re1 g6 38. Qd3 Qh3 39. g4 Qh4 40. Qg3 Qh8 41. Rd6 Nh7 42. Rxb6 Qb2 43. Rb8 Nf6 44. Rxf8+ Kxf8 45. Qe5 Qd2 46. f3 Kg8 47.
Re2 Qd1+ 48. Kf2 Nd5 49. Qxg5 Qd4+ 50. Kf1 Qd1+ 51. Kf2 Qd4+ 52. Kg3 Qg1+ 53. Rg2 Qe1+ 54. Kh2 Ne3 55. Qd8+ Kh7 56. Qf6 Kg8 57. b5 Qf1 58. Qd8+ Kh7 59. Qh4+ Kg8 60. Qf2 Qd3 61. Qe2 Qd6+ 62.
Rg3 Qxa3 63. b6 Qb3 64. b7 1-0

[Event "*** Titled Tuesday 3|2 Blitz (Late)"]
[Site "Chess.com"]
[Date "2016.11.01"]
[Round "5"]
[White "Zlatan56"]
[Black "attack2mateU"]
[Result "1-0"]
[WhiteElo "2637"]
[BlackElo "2434"]
[TimeControl "180+2"]
[EndTime "18:06:40 PDT"]
[Termination "Zlatan56 won by resignation"]

1. Nf3 Nf6 2. g3 g6 3. b3 Bg7 4.
Bb2 O-O 5. Bg2 c5 6. O-O Nc6 7. c4 e6 8. d4 cxd4 9. Nxd4 d5 10. Nxc6 bxc6 11. Nd2 a5 12. Qc2 Qb6 13. e4 Bb7 14. Rad1 Rfd8 15. e5 Nd7 16. Rfe1 c5 17. cxd5 exd5 18.
Nf3 Nf8 19. h4 Ne6 20. Ng5 Rac8 21. Bc1 h6 22. Nxe6 Qxe6 23. Kh2 Rc7 24. Bd2 Qb6 25.
e6 Re7 26. exf7+ Rxf7 27. Re2 Rdf8 28. f4 Rf6 29. Rde1 d4 30. Bxb7 Qxb7 31. Qxc5 Qf3 32. Qxd4 Kh7 33. Qf2 Qg4 34. Re7 R8f7 35. Rxf7 Rxf7 36.
Qe2 Qf5 37. Qe4 Rd7 38. Bc1 Qg4 39. f5 gxf5 40. Qxg4 fxg4 41. Re4 h5 42. Ra4 Rc7 43. Bf4 Rc2+ 44. Kg1 Bc3 45. Rc4 Kg6 46. Be5 Rc1+ 47. Kf2 Be1+ 48. Ke2 Rxc4 49. bxc4 Bb4 50. Kd3 Kf5 51.
Bc3 Bd6 52. Be1 a4 53. Kd4 Ke6 54. c5 Bc7 55. Kc4 Ke5 56. Kb5 Kd5 57. Bf2 a3 58.
Kb4 Ke4 59. c6 Kf3 60. Be1 Ke2 61. Bc3 Bxg3 62. Kxa3 Bd6+ 63. Kb3 Kd3 64. Ba5 g3 65. c7 g2 1-0

[Event "*** Titled Tuesday 3|2 Blitz (Late)"]
[Site "Chess.com"]
[Date "2016.11.01"]
[Round "5"]
[White "Abrito99"]
[Black "ZEN-22"]
[Result "1-0"]
[WhiteElo "2362"]
[BlackElo "2207"]
[TimeControl "180+2"]
[EndTime "18:06:41 PDT"]
[Termination "Abrito99 won by resignation"]

1. e4 d5 2. exd5 c6 3. dxc6 Nxc6 4. Nc3 e6 5. d3 Nf6 6. Nf3 a6 7. Be2 b5 8. a4 b4 9. Ne4 Nd5 10. O-O Be7 11. Bd2 Qc7 12. Qc1 h6 13. c4 Nf6 14.
Bf4 e5 15. Nxf6+ Bxf6 16. Bg3 h5 17. d4 h4 18. Bxe5 Bxe5 19. Nxe5 Nxd4 20. Bd3 O-O 21. Qf4 Ne6 22. Qe4 g6 23. Qxa8 Qxe5 24. Qe4 Qxb2 25.
Qxh4 Nc5 26. Qg3 b3 27. Rfb1 Qd4 28. Bf1 Bf5 29. Rd1 b2 30. Rab1 Qf6 31. Qf3 Kg7 32.
Qa3 Bxb1 33. Rxb1 Ne4 34. Qxb2 Nc3 35. Rc1 Nxa4 36. Qa3 Qb2 37. Qxb2+ Nxb2 38. c5 a5 39. Bb5 Rb8 40. c6 Rxb5 41. c7 Nd3 42. c8=Q Nxc1 43. Qxc1 Rf5 44. Qa1+ Kh7 45. g3 Rb5 46. Qa4 Rf5 47.
Kg2 Kg7 48. h4 g5 49. hxg5 Rxg5 50. g4 f5 51. Qxa5 Rxg4+ 52. Kf3 Kg6 53. Qb6+ Kg5 54.
Qd8+ Kg6 55. Qg8+ Kh5 56. Qh7+ Kg5 57. Ke3 Re4+ 58. Kf3 Rg4 59. Qg7+ Kh5 60. Qe5 Kg5 61. Qh8 Re4 62. Qg7+ Kh5 63. Qh7+ Kg5 64. Qg8+ Kf6 65. Qh8+ Ke6 66. Qa8 Rg4 67. Ke2 Re4+ 68. Kf1 Kf6 69. f3 Re6 70. Kf2 Kg5 71. Qg8+ Kf6 72. Kg3 Rd6 73. Qh8+ Ke6 74. Kf4 Rd5 75. Qg8+ Kd6 76. Qxd5+ Kxd5 77. Kxf5 Kd6 78. Kf6 Kd7 79. Kf7 Kd6 80.
f4 Kd5 81. f5 Ke5 82. f6 Kd6 83. Kg7 Ke6 84. f7 1-0

[Event "*** Titled Tuesday 3|2 Blitz (Late)"]
[Site "Chess.com"]
[Date "2016.11.01"]
[Round "5"]
[White "KyronGriffith"]
[Black "MFBerna"]
[Result "1-0"]
[WhiteElo "2314"]
[BlackElo "2176"]
[TimeControl "180+2"]
[EndTime "18:06:45 PDT"]
[Termination "KyronGriffith won on time"]

1. e4 e5 2. Nf3 Nc6 3. Bb5 a6 4. Ba4 Nf6 5. O-O Be7 6. d3 b5 7.
Bb3 O-O 8. a3 d6 9. Nc3 Na5 10.
Ba2 c5 11. b4 Nc6 12. Nd5 Be6 13. Nxf6+ Bxf6 14. Bxe6 fxe6 15. c3 Qb6 16. Be3 Rac8 17. Qb3 Rfe8 18. a4 Na7 19. Rfb1 Qc6 20. bxc5 dxc5 21.
axb5 Nxb5 22. Nd2 Nd4 23. cxd4 cxd4 24. Bxd4 exd4 25. Nc4 Kh8 26. Qb6 Qxb6 27. Rxb6 Kg8 28. Raxa6 Rb8 29. g3 Rxb6 30. Rxb6 e5 31. Rb5 Re7 32.
h4 Kf7 33. Kg2 Ra7 34. Rb7+ Rxb7 35. Nd6+ Ke6 36. Nxb7 Be7 37. Na5 g5 38. h5 g4 39. f3 gxf3+ 40. Kxf3 Bd8 41. Nc4 Bc7 42. Kg4 Kf6 43. Nd2 Bd8 44. Nf3 Be7 45. Ng5 h6 46.
Nf3 Ke6 47. Nh4 Bg5 48. Nf5 Kf6 49. Kf3 Bd2 50. Ke2 Bc1 51. Kd1 Bg5 52. Kc2 Ke6 53. Kb3 Kf6 54. Kc4 Bd2 55. Kd5 Bc1 56. Nh4 Ba3 57.
Nf3 Bc1 58. Nxe5 Kg5 59. g4 Be3 60. Nf7+ Kxg4 61. e5 Kxh5 62. e6 Kg6 63. Kd6 Bf4+ 64. Kd7 h5 65. e7 1-0